 Dungeon Crawl Stone Soup version 0.29.1-15-g9cfb28693d (webtiles) character file.

Game seed: 12659433355801774346

322 Peloso the Covered (level 6, -1/53 HPs)
             Began as a Minotaur Fighter on Feb 25, 2023.
             Killed from afar by Ijyb (15 damage)
             ... with a bolt of acid
             ... on level 4 of the Dungeon.
             The game lasted 00:07:48 (4050 turns).

Peloso the Covered (Minotaur Fighter)               Turns: 4050, Time: 00:07:49

Health: -1/53      AC: 10    Str: 29    XL:     6   Next: 22%
Magic:  5/5        EV:  8    Int:  5    God:
Gold:   357        SH:  5    Dex: 11    Spells: 5/5 levels left

rFire   . . .      SeeInvis .   b - +7 short sword "Coes" {speed, Fragile Str+8 Stlth+}
rCold   . . .      Faith    .   d - +0 buckler
rNeg    . . .      Spirit   .   c - +1 chain mail
rPois   .          Reflect  .   k - +2 hat
rElec   .          Harm     .   n - +0 cloak
rCorr   .          Rampage  .   (no gloves)
Will    .....                   (no boots)
Stlth   ..........              (no amulet)
HPRegen 0.17/turn               (no ring)
MPRegen 0.09/turn               (no ring)

@: corroded
A: horns 2, retaliatory headbutt
a: no special abilities


You were on level 4 of the Dungeon.
You visited 1 branch of the dungeon, and saw 4 of its levels.
You also visited: Ossuary.

You collected 412 gold pieces.
You spent 55 gold pieces at shops.

Inventory:

Hand Weapons
 a - a +0 long sword
 b - the +7 short sword "Coes" (weapon) {speed, Fragile Str+8 Stlth+}
   (You found it on level 2 of the Dungeon)

   Attacks with this weapon are significantly faster.
   Str:       It affects your strength (+8).
   Fragile:   It will be destroyed if unequipped.
   Stlth:     It makes you more stealthy.
Armour
 c - a +1 chain mail (worn)
 d - a +0 buckler (worn)
 k - a +2 hat (worn)
 n - a +0 cloak (worn)
Jewellery
 h - a ring of wizardry
 l - a +6 ring of strength
 p - a ring of wizardry
Scrolls
 e - a scroll of fear
 g - 3 scrolls of blinking
 s - 3 scrolls of teleportation
Potions
 f - 2 potions of might
 i - a potion of mutation
 j - 2 potions of curing
 m - a potion of flight
 o - a potion of brilliance
 r - a potion of ambrosia
 t - a potion of invisibility
 u - a potion of resistance {unknown}
 w - a potion of haste {unknown}
 x - a potion of magic {unknown}
 z - a potion of heal wounds {unknown}
 A - a potion of attraction {unknown}


   Skills:
 + Level 4.5 Fighting
 + Level 3.1(3.9) Short Blades
 + Level 3.8(4.5) Long Blades
 + Level 5.4 Armour
 + Level 0.5 Dodging
 + Level 4.6 Shields


You had 5 spell levels left.
You didn't know any spells.
Your spell library contained the following spells:

 Spells                   Type           Power      Damage    Failure   Level
 Shock                    Conj/Air       0%         1d3       98%         1


Dungeon Overview and Level Annotations

Branches:
Dungeon (4/15)            Ossuary (visited)
 Temple: D:4-7

Altars:
Gozag
Xom

Shops:
D:1 *   D:4 *

Annotations:
D:4 Ijyb


Innate Abilities, Weirdness & Mutations

You have a pair of horns on your head.
You reflexively headbutt those who attack you in melee.


Message History

Ijyb screams, "I cut your head off!" Ijyb hits you but does no damage.
You hit Ijyb but do no damage.
A giant cockroach comes into view.
Ijyb zaps a wand.
The bolt of acid hits you! The acid corrodes you!
You barely miss Ijyb. You closely miss Ijyb.
Ijyb screams, "Me very upset!"
Ijyb barely misses you.
You barely miss Ijyb. You headbutt Ijyb.
Ijyb is lightly wounded.
You hit Ijyb. You headbutt Ijyb.
Ijyb is moderately wounded.
You block Ijyb's attack.
You hit Ijyb but do no damage.
Ijyb is moderately wounded.
Ijyb hits you but does no damage.
You hit Ijyb.
Ijyb is moderately wounded.
You hit Ijyb but do no damage. You headbutt Ijyb!
Ijyb is almost dead.
Ijyb hits you with a +0 dagger.
You hit Ijyb. You headbutt Ijyb, but do no damage.
Ijyb is almost dead.
Ijyb hits you with a +0 dagger.
The giant cockroach bites you but does no damage.
You hit Ijyb but do no damage.
Ijyb is almost dead.
The giant cockroach bites you but does no damage.
You closely miss Ijyb.
Ijyb is almost dead.
Ijyb screams, "Die!"
Ijyb zaps a wand.
The bolt of acid hits you!
* * * LOW HITPOINT WARNING * * *
The kobold hits you but does no damage.
You closely miss Ijyb. Your headbutt misses Ijyb.
Ijyb is almost dead.
The giant cockroach barely misses you. You block the kobold's attack.
Ijyb zaps a wand.
The bolt of acid hits you!
You die...

.#[.......##..##.#
######.##..#.###.#
#### #.#*#..##,+.#
...#*#.# ##..###.#
##..,,.#####..##.#
****.........†#.##
*,,.###.........#
***,*** #......B..#
*,..****#.......@.#
#.##,,,).......Kg.#
...#**####.......##
.###,,,,,#.......#*
## *,*,*,#........*
####,,∩,,########.#
...#,*,*,* *.#
#..#,,,,,* *.#
...###+#** *,*


You could see Ijyb, a giant cockroach and a kobold.

Vanquished Creatures
  A howler monkey (D:4)
  Jessica (D:3)
  9 mummies
  A gnoll (D:1)
  3 adders
  3 worms (D:2)
  2 dart slugs
  8 orcs (D:3)
  10 bats
  6 endoplasms
  2 giant cockroaches
  2 gnoll zombies (Ossuary)
  8 goblins
  8 hobgoblins
  2 jackals (D:1)
  4 kobolds
  2 quokkas (D:1)
  5 ball pythons (D:1)
  4 frilled lizards
  2 hobgoblin zombies (Ossuary)
  4 kobold zombies
  An orc zombie (Ossuary)
  9 rats
97 creatures vanquished.

Notes
Turn   | Place    | Note
-------+----------+-------------------------------------------
     0 | D:1      | Peloso the Minotaur Fighter began the quest for the Orb.
     0 | D:1      | Reached XP level 1. HP: 19/19 MP: 0/0
   211 | D:1      | Reached XP level 2. HP: 27/27 MP: 1/1
   381 | D:1      | Found a faded altar of an unknown god.
   389 | D:1      | Got Plato's Incunable of the Barrage
   397 | D:1      | Reached skill level 4 in Armour
   572 | D:1      | Reached XP level 3. HP: 13/33 MP: 2/2
   952 | D:1      | Found Qafaobub's Assorted Antiques.
   962 | D:1      | Bought a smoky grey potion for 26 gold pieces
   962 | D:1      | Bought a scroll labelled TUGEIG MEESSEGH for 29 gold pieces
  1301 | D:2      | Reached XP level 4. HP: 37/40 MP: 3/3
  1371 | D:2      | Identified the +7 short sword "Coes" {speed, Fragile Str+8
                  | Stlth+}
  2618 | D:3      | Noticed Jessica
  2625 | D:3      | Killed Jessica
  2626 | D:3      | Reached skill level 1 in Short Blades
  2626 | D:3      | Reached XP level 5. HP: 47/47 MP: 4/4
  3052 | D:4      | Found an opulent altar of Gozag.
  3085 | D:4      | Reached skill level 5 in Armour
  3125 | D:4      | Found a shimmering altar of Xom.
  3125 | D:4      | Noticed an angel
  3156 | D:4      | Found Gozag's Platinum Reserve.
  3185 | D:4      | Found a sand-covered staircase.
  3191 | Ossuary  | Entered an ossuary
  3659 | Ossuary  | Reached XP level 6. HP: 53/53 MP: 5/5
  4034 | D:4      | Noticed Ijyb
  4050 | D:4      | Killed from afar by Ijyb

Illustrated notes

Levels and vault maps discovered:
D:1:      mrwooster_arrival_arrow, layout_basic,
          shapermc_ecumenical_altar_rom_forum, serial_shops,
          nicolae_lakefront_shop
D:2:      layout_basic
D:3:      layout_loops_corners, uniq_jessica
D:4:      layout_rooms, grunt_temple_overflow_order_and_chaos_1,
          yredelemnul_forgotten_temple_becter, nicolae_gozag_zags_fifth_avenue,
          nicolae_ossuary_entry_giza, serial_shops, kennysheep_little_box,
          grunt_decor_junction, guppyfry_early_lair_pool, uniq_ijyb

Skill      XL: |  1  2  3  4  5  6 |
---------------+-------------------+-----
Armour         | 4 5 |  5.4
Shields        | 4 |  4.6
Long Blades    | 3 |  3.8
Fighting       | 4 |  4.5
Short Blades   | 1 2 3 |  3.1
Dodging        | |  0.5

Action                   |  1- 3 |  4- 6 || total
-------------------------+-------+-------++-------
Melee: Long sword        |   104 |    10 ||   114
       Headbutt          |    18 |    22 ||    40
       Short sword       |       |   115 ||   115
  Use: Scroll            |     1 |    12 ||    13
       Potion            |       |     4 ||     4
Armor: Scale mail        |     3 |       ||     3
       Chain mail        |    49 |    45 ||    94
Dodge: Dodged            |    48 |    37 ||    85
Block: Buckler           |    29 |    14 ||    43
